 Dungeon Crawl Stone Soup version 0.27.1-2-g3b301248ec (webtiles) character file.

Game seed: 12746861163859763169

3164 TheGamechu the Destroyer (level 9, -7/70 HPs)
             Began as a Red Draconian Conjurer on Sept 24, 2021.
             Was an Initiate of Sif Muna.
             Mangled by Harold (12 damage)
             ... on level 7 of the Dungeon.
             The game lasted 00:36:28 (8381 turns).

TheGamechu the Destroyer (Red Draconian Conjurer)   Turns: 8381, Time: 00:36:29

Health: -7/70      AC:  8    Str: 11    XL:     9   Next: 63%
Magic:  6/17       EV:  7    Int: 21    God:    Sif Muna [......]
Gold:   299        SH:  0    Dex:  9    Spells: 12/19 levels left

rFire    + . .     SeeInvis +   l - +0 falchion (venom)
rCold    . . .     Faith    .   (no shield)
rNeg     . . .     Spirit   .   (armour unavailable)
rPois    .         Reflect  .   (helmet restricted)
rElec    .         Harm     .   f - +0 cloak
rCorr    .         Rampage  .   (no gloves)
Will     .....                  (no boots)
Stlth    ++........             o - amulet of the acrobat
HPRegen  0.21/turn              a - ring of see invisible
MPRegen  0.15/turn              (no ring)

@: short of breath, marked, acrobatic, held
A: breathe fire, AC +7, unfitting armour, fire resistance 1, cold-blooded
a: Breathe Fire, Renounce Religion


You were on level 7 of the Dungeon.
You worshipped Sif Muna.
Sif Muna was noncommittal.
You visited 2 branches of the dungeon, and saw 8 of its levels.

You collected 299 gold pieces.

Inventory:

Hand Weapons
 l - a +0 falchion of venom (weapon)
Missiles
 e - 65 poisoned darts
Armour
 f - a +0 cloak (worn)
Jewellery
 a - a ring of see invisible (left hand)
 d - a ring of fire
 o - an amulet of the acrobat (around neck)
Wands
 n - a wand of paralysis (7)
 p - a wand of charming (4)
 v - a wand of flame (8)
Scrolls
 r - a scroll of identify
 s - a scroll of teleportation
 t - a scroll of vulnerability {unknown}
 u - a scroll of magic mapping
 w - a scroll of noise {unknown}
Potions
 b - a potion of cancellation {unknown}
 c - a potion of brilliance
 g - a potion of curing
 h - a potion of heal wounds
 i - 2 potions of lignification
 j - a potion of haste
 k - 2 potions of flight
 m - a potion of might {unknown}
Miscellaneous
 q - a piece from Xom's chessboard (15/15)


   Skills:
 - Level 3.3 Fighting
 + Level 4.9 Long Blades
 + Level 5.8 Dodging
 - Level 1.7 Stealth
 + Level 5.9 Spellcasting
 * Level 9.4 Conjurations


You had 12 spell levels left.
You knew the following spells:

 Your Spells              Type           Power      Damage    Failure   Level
a - Magic Dart            Conj           100%       1d8       1%          1
b - Searing Ray           Conj           90%        3d6       1%          2
c - Iskenderun's Mystic   Conj/Tloc      26%        2d7       14%         4

Your spell library contained the following spells:

 Spells                   Type           Power      Damage    Failure   Level
 Dazzling Flash           Conj/Hex       52%        N/A       4%          3
 Fulminant Prism          Conj/Hex       13%        3d9       14%         4
 Passwall                 Tmut/Erth      5%         N/A       16%         2
 Swiftness                Air            6%         N/A       30%         3
 Agony                    Necr           6%         N/A       95%         5
 Silence                  Hex/Air        3%         N/A       95%         5
 Invisibility             Hex            3%         N/A       100%        6


Dungeon Overview and Level Annotations

Branches:
Dungeon (7/15)             Temple (1/1) D:7

Altars:
Ashenzari
Cheibriados
Dithmenos
Elyvilon
Fedhas
Gozag
Hepliaklqana
Kikubaaqudgha
Makhleb
Nemelex Xobeh
Okawaru
Qazlal
Sif Muna
Trog
Uskayaw
Vehumet
Wu Jian
Yredelemnul
Zin
The Shining One

Shops:
D:2 =   D:3 [

Annotations:
D:7 Harold


Innate Abilities, Weirdness & Mutations

You can breathe blasts of fire.
Your fiery red scales are hard. (AC +7)
You cannot fit into any form of body armour.
Your flesh is heat resistant. (rF+)
You are cold-blooded and may be slowed by cold attacks.


Message History

(Press . to maintain the ray.)
The searing ray hits Harold!
Harold is lightly wounded.
Harold hits you with a +0 scimitar.
The searing ray hits Harold!
Harold is moderately wounded.
Harold hits you with a +0 scimitar!
The searing ray misses Harold.
You finish channeling your searing ray.
Harold hits you with a +0 scimitar.
Press: ? - help, Shift-Dir - straight line, f/p - Harold
Aim: Harold, wielding a +0 scimitar and wearing a +0 scale mail (moderately wounded)
You breathe a blast of fire.
The fiery breath hits Harold!
Harold is heavily wounded.
Harold hits you with a +0 scimitar!
Okay, then.
Casting: Searing Ray (safe; 1% risk of failure)
Confirm with . or Enter, or press ? or * to list all spells.
Aiming: Searing Ray (safe; 1% risk of failure)
Press: ? - help, Shift-Dir - straight line, f/p - Harold
Aim: Harold, wielding a +0 scimitar and wearing a +0 scale mail (heavily wounded, 89% to hit)
The searing ray hits Harold!
Harold is severely wounded. (Press . to maintain the ray.) Harold hits you with a +0 scimitar!
Unknown command.
Unknown command.
The searing ray hits Harold!
Harold is severely wounded.
Harold hits you but does no damage.
An orc wizard comes into view. It is wielding a +0 dagger.
The searing ray hits Harold!
Harold is almost dead.
Harold points at you and mumbles some strange words.
A sentinel's mark forms upon you.
The searing ray hits Harold.
Harold is almost dead.
You finish channeling your searing ray.
Harold hits you with a +0 scimitar!!
* * * LOW HITPOINT WARNING * * *
Harold hits you with a +0 scimitar!
You die...

..............
..).#.......#
#.........# ######
#......)..###.... .
###........[##..######..
...........)[......○....
..###...(..............#
......##[#####...@...#.#
........[######.@<.....#
..###.##>......(.....###
..#...##..###.#......#
..#.####.####).....o....
..............#####.####
............### .#
..[..[......# #
......####### ≈≈....#


You could see Harold and an orc wizard.

Vanquished Creatures
  A troll (D:6)
  Sigmund (D:5)
  2 water moccasins (D:6)
  2 sky beasts (D:6)
  An orc warrior (D:6)
  An ice beast (D:5)
  2 black bears
  A hornet zombie (D:6)
  A necrophage (D:6)
  2 ogres
  3 centaurs (D:6)
  A bullfrog (D:6)
  2 scorpions (D:6)
  A water moccasin zombie (D:6)
  3 wyvern zombies
  3 howler monkeys (D:7)
  4 centaur zombies
  3 jellies (D:6)
  A gnoll shaman (D:6)
  A centaur skeleton (D:7)
  5 orc priests
  2 hounds (D:6)
  3 iguanas
  4 orc wizards
  A scorpion zombie (D:5)
  A hound skeleton (D:4)
  A howler monkey zombie (D:7)
  6 adders
  2 white imps
  2 ufetubi (D:6)
  An adder skeleton (D:4)
  5 worms
  6 dart slugs
  21 orcs
  5 ball pythons
  5 bats
  8 endoplasms
  2 giant cockroaches (D:2)
  6 goblins
  6 hobgoblins
  2 jackals (D:2)
  2 quokkas
  3 frilled lizards (D:1)
  10 kobolds
  6 rats
151 creatures vanquished.

Vanquished Creatures (others)
  3 fungi (D:2)
  3 plants (D:2)
6 creatures vanquished.

Grand Total: 157 creatures vanquished

Notes
Turn   | Place    | Note
-------+----------+-------------------------------------------
     0 | D:1      | TheGamechu the Draconian Conjurer began the quest for the
                  | Orb.
     0 | D:1      | Reached XP level 1. HP: 14/14 MP: 3/3
   151 | D:1      | Reached XP level 2. HP: 20/22 MP: 0/5
   199 | D:1      | Learned a level 2 spell: Searing Ray
   364 | D:1      | Reached skill level 1 in Fighting
   882 | D:1      | Reached XP level 3. HP: 28/28 MP: 3/6
  1825 | D:2      | Reached XP level 4. HP: 35/36 MP: 0/7
  1970 | D:2      | Found Alidokim's Jewellery Emporium.
  2115 | D:2      | Found a faded altar of an unknown god.
  2394 | D:3      | Found Zudekyom's Antique Armour Boutique.
  2548 | D:3      | Learned a level 4 spell: Iskenderun's Mystic Blast
  3324 | D:4      | Noticed an ogre
  3340 | D:4      | Killed an ogre
  3341 | D:4      | Reached skill level 5 in Conjurations
  3341 | D:4      | Reached XP level 5. HP: 42/42 MP: 0/9
  3879 | D:4      | Reached XP level 6. HP: 50/50 MP: 8/10
  4036 | D:4      | Found a shadowy altar of Dithmenos.
  4038 | D:4      | Found an opulent altar of Gozag.
  4483 | D:5      | Entered Level 5 of the Dungeon
  4759 | D:5      | Noticed Sigmund
  4765 | D:5      | Killed Sigmund
  4766 | D:5      | Reached skill level 1 in Long Blades
  4766 | D:5      | Reached skill level 6 in Conjurations
  4766 | D:5      | Your scales start taking on a fiery red colour.
  4766 | D:5      | Reached XP level 7. HP: 48/57 MP: 5/12
  4766 | D:5      | Gained mutation: Your flesh is heat resistant. (rF+) [Red
                  | Draconian growth]
  5600 | D:6      | Reached skill level 7 in Conjurations
  5600 | D:6      | Reached XP level 8. HP: 52/63 MP: 7/14
  6972 | D:6      | Reached skill level 8 in Conjurations
  7164 | D:6      | Reached skill level 5 in Spellcasting
  7222 | D:6      | Reached skill level 5 in Dodging
  7359 | D:6      | Reached XP level 9. HP: 70/70 MP: 11/16
  7570 | D:6      | Noticed a troll
  7578 | D:6      | Killed a troll
  7579 | D:6      | Reached skill level 9 in Conjurations
  7850 | D:7      | Found a staircase to the Ecumenical Temple.
  8113 | Temple   | Entered the Ecumenical Temple
  8318 | Temple   | Became a worshipper of Sif Muna the Loreminder
  8365 | D:7      | Noticed Harold
  8381 | D:7      | Mangled by Harold

Illustrated notes

Levels and vault maps discovered:
D:1:      dpeg_arrival_shelter, layout_loops_ring
D:2:      layout_rooms, serial_shops, shop, shapermc_ecumenical_altar_petra,
          lemuel_another_geyser
D:3:      layout_basic, serial_shops, shop
D:4:      layout_loops_ring, nicolae_overflow_hidden_temple,
          nicolae_underground_beach
D:5:      layout_loops_cross, uniq_sigmund
D:6:      kennysheep_windowed_halls, layout_basic
D:7:      layout_rooms, xom_teletrap_fun, temple_pool_b, uniq_harold
Temple:   hc_temple_tempest_star

Skill      XL: |  1  2  3  4  5  6  7  8  9 |
---------------+----------------------------+-----
Dodging        | 2 3 4 5 |  5.8
Fighting       | 1 2 3 |  3.3
Spellcasting   | 3 4 5 |  5.9
Conjurations   | 5 6 7 8 9 |  9.4
Long Blades    | 1 2 3 4 |  4.9
Stealth        | |  1.7

Action                   |  1- 3 |  4- 6 |  7- 9 || total
-------------------------+-------+-------+-------++-------
Melee: Dagger            |    83 |   100 |    16 ||   199
       Tailslap          |     9 |    11 |     9 ||    29
       Falchion          |       |       |    69 ||    69
 Cast: Magic Dart        |    61 |    39 |     9 ||   109
       Searing Ray       |     4 |    22 |    42 ||    68
 Abil: Breathe Fire      |       |       |    21 ||    21
  Use: Scroll            |       |     4 |     7 ||    11
       Potion            |       |       |     3 ||     3
 Stab: Sleeping          |       |     1 |     1 ||     2
Armor: Skin              |    17 |    21 |    41 ||    79
Dodge: Dodged            |    28 |    42 |   116 ||   186
       Rpst.: Falchion   |       |       |    24 ||    24
